 Dungeon Crawl Stone Soup version 0.30.1-4-g462c640d31 (webtiles) character file.

Game seed: 16011165028132242099

124 booth the Ducker (level 4, -3/35 HPs)
             Began as a Demonspawn Gladiator on Sept 11, 2023.
             Was a Follower of Lugonu.
             Slain by a gnoll bouda
             ... wielding a +0 club
              (9 damage)
             ... on level 2 of the Dungeon.
             The game lasted 00:09:00 (1376 turns).

booth the Ducker (Demonspawn Gladiator)             Turns: 1376, Time: 00:09:01

Health: -3/35      AC:  6    Str: 14    XL:     4   Next: 81%
Magic:  4/4        EV: 12    Int: 12    God:    Lugonu [*.....]
Gold:   116        SH:  5    Dex: 14    Spells: 3/3 levels left

rFire   . . .        a - +1 war axe
rCold   . . .        (no shield)
rNeg    . . .        b - +0 leather armour
rPois   .            c - +0 helmet
rElec   .            l - +0 cloak
rCorr   .            (no gloves)
SInv    .            j - +0 pair of boots
Will    .....        q - amulet of reflection
Stlth   +            (no ring)
HPRegen 0.25/turn    (no ring)
MPRegen 0.09/turn

%: reflection
@: weakened
A: foul stench 1, powered by pain 1
a: Renounce Religion, Depart the Abyss


You were on level 2 of the Dungeon.
You worshipped Lugonu.
Lugonu was aware of your devotion.
You visited 1 branch of the dungeon, and saw 3 of its levels.

You collected 116 gold pieces.

Inventory:

Hand Weapons
 a - a +1 war axe (weapon)
 i - a +0 mace
Missiles
 d - 3 throwing nets (quivered)
 e - a javelin
Armour
 b - a +0 leather armour (worn)
 c - a +0 helmet (worn)
 j - a +0 pair of boots (worn)
 l - a +0 cloak (worn)
 o - a +0 ring mail
Jewellery
 q - an amulet of reflection (around neck)
Wands
 k - a wand of charming (9)
Scrolls
 m - 3 scrolls of identify
Potions
 f - a potion of resistance {unknown}
 g - a potion of degeneration {unknown}
 n - a potion of might


   Skills:
 + Level 3.0 Fighting
 * Level 3.4 Axes
 + Level 0.2(2.1) Maces & Flails
 * Level 2.7 Throwing
 + Level 3.4 Dodging


You had 3 spell levels left.
You didn't know any spells.
Your spell library was empty.

Dungeon Overview and Level Annotations

Branches:
Dungeon (3/15)

Altars:
Lugonu

Shops:
D:2 (


Innate Abilities, Weirdness & Mutations

You may rarely emit foul miasma when damaged in melee.
You sometimes gain a little power by taking damage.


Message History

The gnoll's wounds heal themselves!
The gnoll hits you with a +0 flail. The gnoll closely misses you.
The gnoll bouda hits you but does no damage.
Your Fighting skill increases to level 3!
You completely miss the gnoll.
You hit the gnoll bouda but do no damage.
You completely miss the gnoll.
You recover from your berserk rage.
The gnoll barely misses you. The gnoll hits you with a +0 whip!
The gnoll bouda closely misses you. The gnoll barely misses you.
You slash the gnoll!
The gnoll is severely wounded.
You hit the gnoll but do no damage. You closely miss the gnoll bouda.
The gnoll hits you with a +0 whip.
* * * LOW HITPOINT WARNING * * *
The gnoll bouda gazes fiercely through you!
You feel your attacks grow feeble.
The gnoll bouda hits you but does no damage.
The gnoll hits you with a +0 flail.
* * * LOW HITPOINT WARNING * * *
You emit a cloud of foul miasma!
You barely miss the gnoll bouda. You hit the gnoll but do no damage.
You barely miss the gnoll. The gnoll barely misses you.
The gnoll bouda hits you with a +0 club.
* * * LOW HITPOINT WARNING * * *
The gnoll is engulfed in dark miasma.
The gnoll is poisoned.
The gnoll seems to slow down.
You kill the gnoll!
Lugonu accepts your kill. The gnoll hits you but does no damage.
You barely miss the gnoll bouda. You hit the gnoll.
The gnoll bouda hits you but does no damage.
The gnoll hits you but does no damage.
The gnoll bouda gazes fiercely through you!
You feel as though you will be weak longer.
The gnoll bouda closely misses you.
You closely miss the gnoll bouda. You closely miss the gnoll.
The gnoll misses you.
The gnoll bouda hits you with a +0 club!
You die...

#.#####.# #...# #.# #####.#
#.# #.....# #.# ######
#.##### #.# #8^.#. #...# #.#
#.#.#.
######'#####÷###########.....
#...........○........##....#.
#..........g@g.......##....##
#..........)........÷......_.
#>...................#.....##
#....................##....#.
#...........<........###.....
#............#####'### #^#.#.
#............#####...###8^.#.
#####...........####...######
#...........# ###.'.....


You could see a gnoll bouda and a gnoll (swift).

Vanquished Creatures
  Natasha (thrice) (D:2)
  An adder (D:2)
  2 gnolls (D:2)
  A dart slug (D:2)
  A giant cockroach (D:1)
  A hobgoblin (D:1)
  2 jackals (D:1)
  3 kobolds
  A quokka (D:1)
  A ball python (D:2)
  4 bats
  A frilled lizard (D:2)
  A goblin (D:1)
  3 rats
25 creatures vanquished.

Notes
Turn   | Place    | Note
-------+----------+-------------------------------------------
     0 | D:1      | booth the Demonspawn Gladiator began the quest for the Orb.
     0 | D:1      | Reached XP level 1. HP: 16/16 MP: 1/1
   351 | D:1      | Gained mutation: You may rarely emit foul miasma when
                  | damaged in melee. [demonic ancestry]
   351 | D:1      | Reached XP level 2. HP: 17/22 MP: 2/2
   656 | D:2      | Noticed Natasha
   664 | D:2      | Killed Natasha
   665 | D:2      | Reached XP level 3. HP: 28/28 MP: 3/3
   679 | D:2      | Noticed Natasha
   696 | D:2      | Killed Natasha
   841 | D:2      | Gained mutation: You sometimes gain a little power by
                  | taking damage. [demonic ancestry]
   841 | D:2      | Reached XP level 4. HP: 29/34 MP: 4/4
   915 | D:2      | Found a faded altar of an unknown god.
   918 | D:2      | Noticed Natasha
   935 | D:2      | Killed Natasha
   940 | D:2      | Found Vecel's Antique Weapon Boutique.
   979 | D:2      | Prayed at the altar of an unknown god.
   979 | D:2      | Became a worshipper of Lugonu the Unformed
   979 | D:2      | Reached * piety under Lugonu
  1376 | D:2      | Slain by a gnoll bouda

Illustrated notes

Levels and vault maps discovered:
D:1:      dpeg_arrival_rhombus, layout_loops_ring
D:2:      layout_basic, shapermc_ecumenical_altar_mp_highgroup, serial_shops,
          shop, uniq_natasha
D:3:      wad_pebble_path, layout_rooms,
          mainiacjoe_overflow_concentric_impassable, serial_glass,
          glass_columns_b, glass_columns_c, glass_columns_b, glass_columns_b,
          glass_columns_a, glass_columns_c, glass_columns_c, glass_columns_a,
          glass_columns_a, glass_columns_c, minivault_24, minmay_misc_feat_iff,
          nicolae_grassy_gnolls

Skill      XL: |  1  2  3  4 |
---------------+-------------+-----
Throwing       | 2 |  2.7
Axes           | 3 |  3.4
Dodging        | 3 |  3.4
Fighting       | 3 |  3.0
Maces & Flails | |  0.2

Action                     |  1- 3 |  4- 6 || total
---------------------------+-------+-------++-------
  Melee: War axe           |    64 |    37 ||   101
         Punch             |       |     1 ||     1
    Use: Potion            |     2 |     1 ||     3
         Scroll            |     1 |     2 ||     3
   Stab: Sleeping          |     1 |       ||     1
 Armour: Leather armour    |    28 |    19 ||    47
  Dodge: Dodged            |    51 |    45 ||    96
  Block: Other             |       |     2 ||     2
